NYP
SALEM-KEIZER VOLCANOES @ BROOKLYN CYCLONES
05/11/2044
 
TOP OF THE 1ST
Salem-Keizer Volcanoes batting - Pitching for Brooklyn Cyclones : RHP Robbie Beerbower
Pitching: RHP Robbie Beerbower
Batting: RHB Mike Buchanan 0-0: Fly out, F7 (Flyball, 78XD, EV 85.6 MPH)
Batting: RHB Lucan Esini 0-0: Called Strike
0-1: Ground out U3 (Groundball, 3L, EV 87.5 MPH)
Batting: RHB Justin Baldwin 0-0: Called Strike
0-1: Ball
1-1: Foul Ball, location: 2F
1-2: Ball
2-2: Ball
3-2: Foul Ball, location: 2F
3-2: Fly out, F4 (Line Drive, 4, EV 68.8 MPH)
Top of the 1st over - 0 runs, 0 hits, 0 errors, 0 left on base; Salem-Keizer 0 - Brooklyn 0
BOTTOM OF THE 1ST
Brooklyn Cyclones batting - Pitching for Salem-Keizer Volcanoes : RHP Tim Welshman
Pitching: RHP Tim Welshman
Batting: RHB Tony Oria 0-0: Ball
1-0: Swinging Strike
1-1: Ball
2-1: Ground out 4-3 (Groundball, 4, EV 106.9 MPH)
Batting: RHB Allen Wozniak 0-0: Ball
1-0: Fly out, F7 (Flyball, 78D, EV 91.9 MPH)
Batting: LHB Victor Ferrermena 0-0: Ball
1-0: Ground out U3 (Groundball, 3L, EV 88.8 MPH)
Bottom of the 1st over - 0 runs, 0 hits, 0 errors, 0 left on base; Salem-Keizer 0 - Brooklyn 0
TOP OF THE 2ND
Salem-Keizer Volcanoes batting - Pitching for Brooklyn Cyclones : RHP Robbie Beerbower
Batting: LHB Pat Aviles 0-0: Swinging Strike
0-1: Swinging Strike
0-2: Foul Ball, location: 2F
0-2: Ground out 6-3 (Groundball, 6, EV 81.9 MPH)
Batting: LHB Ryan Anderson 0-0: Called Strike
0-1: Foul Ball, location: 2F
0-2: Ground out 4-3 (Groundball, 4, EV 91.3 MPH)
Batting: RHB Justin Layton 0-0: Ball
1-0: Foul Ball, location: 2F
1-1: Foul Ball, location: 2F
1-2: Foul Ball, location: 2F
1-2: Strikes out swinging
Top of the 2nd over - 0 runs, 0 hits, 0 errors, 0 left on base; Salem-Keizer 0 - Brooklyn 0
BOTTOM OF THE 2ND
Brooklyn Cyclones batting - Pitching for Salem-Keizer Volcanoes : RHP Tim Welshman
Batting: LHB Adam Barry 0-0: Ball
1-0: Called Strike
1-1: Ball
2-1: Foul Ball, location: 2F
2-2: Ball
3-2: Base on Balls
Batting: SHB Julio Ramos 0-0: Called Strike
0-1: Ball
1-1: Ball
2-1: Called Strike
2-2: Foul Ball, location: 2F
2-2: Strikes out looking
Batting: RHB Leo Roman 0-0: SINGLE (Line Drive, 6D, EV 106.3 MPH)
Adam Barry to second
Batting: RHB Edolf Vlemmings 0-0: Called Strike
0-1: Called Strike
0-2: Fly out, F8 (Flyball, 78M, EV 78.1 MPH)
Batting: RHB Oscar Chairez 0-0: Called Strike
0-1: Ball
1-1: Swinging Strike
1-2: Ball
2-2: Strikes out swinging
Bottom of the 2nd over - 0 runs, 1 hit, 0 errors, 2 left on base; Salem-Keizer 0 - Brooklyn 0
TOP OF THE 3RD
Salem-Keizer Volcanoes batting - Pitching for Brooklyn Cyclones : RHP Robbie Beerbower
Batting: RHB Gabe Ochoa 0-0: SINGLE (Groundball, P, EV 88.1 MPH) (infield hit)
Batting: RHB John Tyra 0-0: Ball
1-0: Called Strike
1-1: Foul Ball, location: 2F
1-2: Ball
2-2: Fly out, F3 (Popup, 3SF, EV 70.0 MPH)
Batting: RHB Willie Sanchez 0-0: Ball
1-0: Foul Ball, location: 2F
1-1: Called Strike
1-2: Ball
2-2: TRIPLE (Line Drive, 78XD, EV 106.9 MPH)
Gabe Ochoa scores
Batting: RHB Mike Buchanan 0-0: Ball
1-0: Ball
2-0: Called Strike
2-1: Ball
3-1: SINGLE (Line Drive, 78S, EV 106.9 MPH)
Willie Sanchez scores
Batting: RHB Lucan Esini 0-0: Called Strike
Mike Buchanan steals 2nd base (no throw)
0-1: Ball
1-1: Called Strike
1-2: Ball
2-2: Strikes out swinging
Batting: RHB Justin Baldwin 0-0: Called Strike
0-1: Called Strike
0-2: Fly out, F7 (Line Drive, 7, EV 89.4 MPH)
Top of the 3rd over - 2 runs, 3 hits, 0 errors, 1 left on base; Salem-Keizer 2 - Brooklyn 0
BOTTOM OF THE 3RD
Brooklyn Cyclones batting - Pitching for Salem-Keizer Volcanoes : RHP Tim Welshman
Batting: RHB Hyeok Kim 0-0: Called Strike
0-1: Ball
1-1: Ball
2-1: SINGLE (Groundball, 4MD, EV 109.4 MPH)
Batting: RHB Tony Oria 0-0: Ball
1-0: Called Strike
Hyeok Kim steals 2nd base (no throw)
1-1: Foul Ball, location: 2F
1-2: Ball
2-2: Strikes out swinging
Batting: RHB Allen Wozniak 0-0: Ball
1-0: Ball
2-0: Called Strike
2-1: Swinging Strike
2-2: Foul Ball, location: 2F
2-2: SINGLE (Line Drive, 78S, EV 93.1 MPH)
Hyeok Kim to third
Runner from 3rd tries for Home, SAFE, throw by LF to home
Batting: LHB Victor Ferrermena 0-0: Ball
1-0: Ball
2-0: Foul Ball, location: 2F
2-1: DOUBLE (Groundball, 3L, EV 103.1 MPH)
Allen Wozniak to third
Batting: LHB Adam Barry 0-0: Ball
1-0: Called Strike
1-1: Ground out 4-3 (Groundball, 34, EV 81.3 MPH)
Allen Wozniak scores
Victor Ferrermena to third
Batting: SHB Julio Ramos 0-0: Foul Ball, location: 2F
0-1: Called Strike
0-2: Ball
1-2: Foul Ball, location: 2F
1-2: SINGLE (Groundball, 6, EV 106.3 MPH)
Victor Ferrermena scores
Batting: RHB Leo Roman 0-0: Ball
1-0: Foul Ball, location: 2F
1-1: Ball
2-1: Ball
3-1: Fly out, F7 (Line Drive, 7D, EV 90.0 MPH)
Bottom of the 3rd over - 3 runs, 4 hits, 0 errors, 1 left on base; Salem-Keizer 2 - Brooklyn 3
TOP OF THE 4TH
Salem-Keizer Volcanoes batting - Pitching for Brooklyn Cyclones : RHP Robbie Beerbower
Batting: LHB Pat Aviles 0-0: SINGLE (Flyball, 6MD, EV 89.4 MPH)
Batting: LHB Ryan Anderson 0-0: Called Strike
0-1: Ball
1-1: Ball
2-1: Foul Ball, location: 2F
2-2: Ball
3-2: Foul Ball, location: 2F
3-2: Foul Ball, location: 2F
3-2: Fly out, F9 (Line Drive, 9S, EV 99.4 MPH)
Batting: RHB Justin Layton 0-0: Ball
Pat Aviles is caught stealing 2nd base 2-4
1-0: Called Strike
1-1: Foul Ball, location: 2F
1-2: Foul Ball, location: 2F
1-2: Strikes out swinging
Top of the 4th over - 0 runs, 1 hit, 0 errors, 0 left on base; Salem-Keizer 2 - Brooklyn 3
BOTTOM OF THE 4TH
Brooklyn Cyclones batting - Pitching for Salem-Keizer Volcanoes : RHP Tim Welshman
Batting: RHB Edolf Vlemmings 0-0: Ball
1-0: Ball
2-0: Ball
3-0: Swinging Strike
3-1: Foul Ball, location: 2F
3-2: Strikes out looking
Batting: RHB Oscar Chairez 0-0: Ball
1-0: Called Strike
1-1: Ball
2-1: Ball
3-1: Ground out U3 (Groundball, 3, EV 101.3 MPH)
Batting: RHB Hyeok Kim 0-0: Called Strike
0-1: Ground out U3 (Groundball, 3L, EV 80.0 MPH)
Bottom of the 4th over - 0 runs, 0 hits, 0 errors, 0 left on base; Salem-Keizer 2 - Brooklyn 3
TOP OF THE 5TH
Salem-Keizer Volcanoes batting - Pitching for Brooklyn Cyclones : RHP Robbie Beerbower
Batting: RHB Gabe Ochoa 0-0: Ball
1-0: Foul Ball, location: 2F
1-1: Ball
2-1: Foul Ball, location: 2F
2-2: Hit by Pitch
Batting: RHB John Tyra 0-0: Foul Ball, location: 2F
0-1: Ball
1-1: Foul Ball, location: 2F
1-2: Fly out, F9 (Flyball, 89M, EV 87.5 MPH)
Pinch Hitting: LHB Gil Caraveo 0-0: Called Strike
0-1: Fielders Choice at 2nd, 1-6 (Groundball, 13, EV 67.5 MPH)
Batting: RHB Mike Buchanan 0-0: Ball
Gil Caraveo is caught stealing 2nd base 2-4
Top of the 5th over - 0 runs, 0 hits, 0 errors, 0 left on base; Salem-Keizer 2 - Brooklyn 3
BOTTOM OF THE 5TH
Brooklyn Cyclones batting - Pitching for Salem-Keizer Volcanoes : RHP Tim Welshman
Now at 2B: Davey Beeson
Now at SS: Gabe Ochoa
Batting: RHB Tony Oria 0-0: Called Strike
0-1: Swinging Strike
0-2: Strikes out swinging
Pitching: RHP Chase Joy
Batting: RHB Allen Wozniak 0-0: Ball
1-0: TRIPLE (Flyball, 89XD, EV 106.3 MPH)
Batting: LHB Victor Ferrermena 0-0: Ball
1-0: Ball
2-0: Called Strike
2-1: Swinging Strike
2-2: Ground out 5-3 (Groundball, 56, EV 80.6 MPH)
Batting: LHB Adam Barry 0-0: Swinging Strike
0-1: Ball
1-1: Ball
2-1: Ball
3-1: Called Strike
3-2: Ground out U3 (Groundball, 13, EV 83.8 MPH)
Bottom of the 5th over - 0 runs, 1 hit, 0 errors, 1 left on base; Salem-Keizer 2 - Brooklyn 3
TOP OF THE 6TH
Salem-Keizer Volcanoes batting - Pitching for Brooklyn Cyclones : RHP Robbie Beerbower
Batting: RHB Mike Buchanan 0-0: Ball
1-0: Called Strike
1-1: Swinging Strike
1-2: Ground out 6-3 (Groundball, 6M, EV 90.0 MPH)
Batting: RHB Lucan Esini 0-0: Ball
1-0: Swinging Strike
1-1: Foul Ball, location: 2F
1-2: Fly out, F4 (Popup, 4, EV 55.0 MPH)
Batting: RHB Justin Baldwin 0-0: Called Strike
0-1: Called Strike
0-2: Ball
1-2: Ball
2-2: Strikes out swinging
Top of the 6th over - 0 runs, 0 hits, 0 errors, 0 left on base; Salem-Keizer 2 - Brooklyn 3
BOTTOM OF THE 6TH
Brooklyn Cyclones batting - Pitching for Salem-Keizer Volcanoes : RHP Chase Joy
Batting: SHB Julio Ramos 0-0: Ball
1-0: Called Strike
1-1: Ball
2-1: Ground out 5-3 (Groundball, 6, EV 76.9 MPH)
Batting: RHB Leo Roman 0-0: Called Strike
0-1: Ball
1-1: Ball
2-1: Fly out, F8 (Flyball, 8LXD, EV 101.9 MPH)
Batting: RHB Edolf Vlemmings 0-0: Ball
1-0: Ball
2-0: Ball
3-0: Base on Balls
Batting: RHB Oscar Chairez 0-0: Ball
Edolf Vlemmings is caught stealing 2nd base 2-4
Bottom of the 6th over - 0 runs, 0 hits, 0 errors, 0 left on base; Salem-Keizer 2 - Brooklyn 3
TOP OF THE 7TH
Salem-Keizer Volcanoes batting - Pitching for Brooklyn Cyclones : RHP Robbie Beerbower
Batting: LHB Pat Aviles 0-0: Called Strike
0-1: Swinging Strike
0-2: Ball
1-2: Foul Ball, location: 2F
1-2: Ground out U3 (Groundball, 34S, EV 91.9 MPH)
Batting: LHB Ryan Anderson 0-0: Called Strike
0-1: Ball
1-1: Called Strike
1-2: Ground out 6-3 (Groundball, 6, EV 77.5 MPH)
Batting: RHB Justin Layton 0-0: Called Strike
0-1: Swinging Strike
0-2: Fly out, F9 (Flyball, 89M, EV 75.6 MPH)
Top of the 7th over - 0 runs, 0 hits, 0 errors, 0 left on base; Salem-Keizer 2 - Brooklyn 3
BOTTOM OF THE 7TH
Brooklyn Cyclones batting - Pitching for Salem-Keizer Volcanoes : RHP Chase Joy
Pitching: LHP Ian Martin
Batting: RHB Oscar Chairez 0-0: Ball
1-0: Swinging Strike
1-1: Ball
2-1: Foul Ball, location: 2F
2-2: Reached on error, E6 (Groundball, 6, EV 89.4 MPH)
Batting: RHB Hyeok Kim 0-0: Intentional Walk
Batting: RHB Tony Oria 0-0: Ball
1-0: Bunted foul
1-1: Bunt missed!
1-2: Fly out, F8 (Line Drive, 8LD, EV 92.5 MPH)
Batting: RHB Allen Wozniak 0-0: Ball
1-0: Grounds into double play, 4-6-3 (Groundball, 4S, EV 93.8 MPH)
Bottom of the 7th over - 0 runs, 0 hits, 1 error, 1 left on base; Salem-Keizer 2 - Brooklyn 3
TOP OF THE 8TH
Salem-Keizer Volcanoes batting - Pitching for Brooklyn Cyclones : RHP Robbie Beerbower
Batting: RHB Gabe Ochoa 0-0: Ball
1-0: Called Strike
1-1: Swinging Strike
1-2: Ball
2-2: Strikes out looking
Batting: RHB John Tyra 0-0: Foul Ball, location: 2F
0-1: Ground out U3 (Groundball, 3L, EV 105.0 MPH)
Batting: RHB Davey Beeson 0-0: Called Strike
0-1: Foul Ball, location: 2F
0-2: Ball
1-2: Ball
2-2: SINGLE (Groundball, 6MD, EV 93.8 MPH)
Pitching: LHP Scott Carr
Batting: RHB Mike Buchanan 0-0: Ball
1-0: Ball
2-0: Foul Ball, location: 2F
2-1: DOUBLE (Line Drive, 7LS, EV 97.5 MPH)
Davey Beeson to third
Batting: RHB Lucan Esini 0-0: Called Strike
0-1: Swinging Strike
0-2: Strikes out swinging
Top of the 8th over - 0 runs, 2 hits, 0 errors, 2 left on base; Salem-Keizer 2 - Brooklyn 3
BOTTOM OF THE 8TH
Brooklyn Cyclones batting - Pitching for Salem-Keizer Volcanoes : LHP Ian Martin
Batting: LHB Victor Ferrermena 0-0: Ball
1-0: Foul Ball, location: 2F
1-1: Called Strike
1-2: Ground out 1-3 (Groundball, 34S, EV 62.5 MPH)
Batting: LHB Adam Barry 0-0: Ball
1-0: Ball
2-0: Ground out U3 (Groundball, 3, EV 82.5 MPH)
Batting: SHB Julio Ramos 0-0: Ball
1-0: Ball
2-0: Called Strike
2-1: Foul Ball, location: 2F
2-2: Foul Ball, location: 2F
2-2: Strikes out swinging
Bottom of the 8th over - 0 runs, 0 hits, 0 errors, 0 left on base; Salem-Keizer 2 - Brooklyn 3
TOP OF THE 9TH
Salem-Keizer Volcanoes batting - Pitching for Brooklyn Cyclones : LHP Scott Carr
Batting: RHB Justin Baldwin 0-0: Ground out 6-3 (Groundball, 6S, EV 71.9 MPH)
Pinch Hitting: RHB Pedro Quezada 0-0: Ball
1-0: Called Strike
1-1: Called Strike
1-2: Ball
2-2: Ground out 6-3 (Groundball, 56S, EV 90.6 MPH)
Batting: LHB Ryan Anderson 0-0: Called Strike
0-1: SINGLE (Line Drive, 89D, EV 100.0 MPH)
Batting: RHB Justin Layton 0-0: Called Strike
0-1: Ball
1-1: Swinging Strike
1-2: Foul Ball, location: 2F
1-2: Ball
2-2: Ball
3-2: 2-RUN HOME RUN (Flyball, 7D, EV 101.9 MPH), Distance : 390 ft
Batting: RHB Gabe Ochoa 0-0: Swinging Strike
0-1: Ground out 6-3 (Groundball, 6, EV 83.1 MPH)
Top of the 9th over - 2 runs, 2 hits, 0 errors, 0 left on base; Salem-Keizer 4 - Brooklyn 3
BOTTOM OF THE 9TH
Brooklyn Cyclones batting - Pitching for Salem-Keizer Volcanoes : LHP Ian Martin
Pitching: LHP Caleb Mullinax
Now at 1B: Pedro Quezada
Now in LF: Mike Buchanan
Batting: RHB Leo Roman 0-0: Ball
1-0: Swinging Strike
1-1: Swinging Strike
1-2: Strikes out looking
Batting: RHB Edolf Vlemmings 0-0: Called Strike
0-1: Ball
1-1: Ball
2-1: Foul Ball, location: 2F
2-2: Strikes out looking
Batting: RHB Oscar Chairez 0-0: Foul Ball, location: 2F
0-1: Foul Ball, location: 2F
0-2: Fly out, F7 (Flyball, 7S, EV 84.4 MPH)
Bottom of the 9th over - 0 runs, 0 hits, 0 errors, 0 left on base; Salem-Keizer 4 - Brooklyn 3
Thursday, March 31st , 2022 - OOTP Baseball 22.12 Build 89